 Dungeon Crawl Stone Soup version 0.28.0-53-g5a82cb258f (webtiles) character file.

Game seed: 4830981746198493050

176 Ashen the Chiller (level 5, -3/50 HPs)
             Began as an Ogre Ice Elementalist on June 20, 2022.
             Slain by an ogre
             ... wielding a +0 giant club
              (25 damage)
             ... on level 4 of the Dungeon.
             The game lasted 00:08:53 (4204 turns).

Ashen the Chiller (Ogre Ice Elementalist)           Turns: 4204, Time: 00:08:53

Health: -3/50      AC: 10    Str: 12    XL:     5   Next: 56%
Magic:  2/9        EV: 10    Int: 18    God:
Gold:   138        SH:  0    Dex:  9    Spells: 3/10 levels left

rFire   . . .      SeeInvis .   f - +0 whip
rCold   . . .      Faith    .   (no shield)
rNeg    . . .      Spirit   .   a - +0 robe
rPois   .          Reflect  .   (helmet restricted)
rElec   .          Harm     .   t - +0 cloak
rCorr   .          Rampage  .   (gloves unavailable)
Will    .....                   (boots unavailable)
Stlth   ++........              (no amulet)
HPRegen 0.16/turn               (no ring)
MPRegen 0.11/turn               (no ring)

@: ice-armoured, freezing walls
A: large, unfitting armour, tough skin 1
a: no special abilities


You were on level 4 of the Dungeon.
You visited 1 branch of the dungeon, and saw 4 of its levels.

You collected 138 gold pieces.

Inventory:

Hand Weapons
 f - a +0 whip (weapon)
 u - a +0 mace
Armour
 a - a +0 robe (worn)
 t - a +0 cloak (worn)
Jewellery
 w - a ring of magical power
Wands
 s - a wand of iceblast (21)
Scrolls
 b - 3 scrolls of teleportation {unknown}
 c - a scroll of noise {unknown}
 d - a scroll of fear {unknown}
 g - 5 scrolls of identify {unknown}
 l - a scroll of amnesia {unknown}
 n - a scroll of enchant weapon {unknown}
 p - a scroll of magic mapping {unknown}
Potions
 e - 2 potions of resistance {unknown}
 h - 2 potions of flight {unknown}
 i - 2 potions of might {unknown}
 j - a potion of lignification {unknown}
 k - a potion of heal wounds {unknown}
 m - a potion of ambrosia {unknown}
 o - a potion of curing {unknown}
 q - a potion of attraction {unknown}
 r - 2 potions of degeneration {unknown}
 v - a potion of berserk rage {unknown}


   Skills:
 + Level 2.5 Fighting
 + Level 1.3 Maces & Flails
 + Level 2.5 Dodging
 + Level 2.3 Stealth
 + Level 3.2 Spellcasting
 + Level 4.2 Ice Magic


You had 3 spell levels left.
You knew the following spells:

 Your Spells              Type           Power      Damage    Failure   Level
a - Freeze                Ice            72%        1d9       2%          1
b - Frozen Ramparts       Ice            36%        1d5       9%          3
c - Ozocubu's Armour      Ice            18%        N/A       9%          3

Your spell library contained the following spells:

 Spells                   Type           Power      Damage    Failure   Level
 Dazzling Flash           Conj/Hex       4%         N/A       43%         3
 Hailstorm                Conj/Ice       10%        3d5       56%         4
 Iskenderun's Mystic Bla  Conj/Tloc      2%         2d3       85%         4
 Starburst                Conj/Fire      1%         6d3       100%        6


Dungeon Overview and Level Annotations

Branches:
Dungeon (4/15)
 Temple: D:4-7

Altars:
Fedhas
Zin

Annotations:
D:3 2 transporters
D:4 Grinder


Innate Abilities, Weirdness & Mutations

You are too large for most types of armour.
You have tough skin. (AC +1)


Message History

You freeze the giant cockroach.
You kill the giant cockroach!
Casting: Freeze (safe; 2% risk of failure)
Confirm with . or Enter, or press ? or * to list all spells.
You can't see any susceptible monsters within range! (Use Z to cast anyway.)
You see here a worm corpse.
You open the door.
There is an open door here.
You see here a worm corpse.
Things that are here:
a quokka corpse; a jackal corpse You see here a giant cockroach corpse.
There is an open door here.
Found a quarterstaff.
An ogre is nearby!
Casting: Freeze (safe; 2% risk of failure)
Confirm with . or Enter, or press ? or * to list all spells.
Okay, then.
Casting: Freeze (safe; 2% risk of failure)
Confirm with . or Enter, or press ? or * to list all spells.
A film of ice covers your body! The ogre closely misses you.
Casting: Ozocubu's Armour (dangerous; 9% risk of failure)
Confirm with . or Enter, or press ? or * to list all spells.
Casting: Frozen Ramparts (dangerous; 9% risk of failure)
Press: ? - help, Dir - look around, f - activate The walls around you are covered in ice.
The wall freezes the ogre.
The ogre hits you with a +0 giant club!!
Ouch! That really hurt!
Casting: Frozen Ramparts (dangerous; 9% risk of failure)
Confirm with . or Enter, or press ? or * to list all spells.
Aiming: Freeze (safe; 2% risk of failure)
Press: ? - help, Shift-Dir - straight line, f - ogre
Aim: an ogre, wielding a +0 giant club (moderately wounded)
You freeze the ogre.
The ogre is moderately wounded.
The wall freezes the ogre.
The ogre hits you with a +0 giant club!!
Ouch! That really hurt!
You die...

##........#....#########.........
....#######....##......'......)..
....# #........>.....#......##.
....# #.............##########.
....# #.............# ##. ....#
#......##.....# .... ....###
####...##...รท.# .... ......#
##...##.....# .... ......#
#....O@.....# .### ......#
#...........# ......#
#....##.....# ......#
#######.....# ####### #.......
#........ '........ .#.....##.
#######


You could see an ogre.

Vanquished Creatures
  Crazy Yiuf (D:3)
  6 adders
  A worm (D:4)
  A dart slug (D:2)
  5 orcs (D:3)
  8 bats
  4 endoplasms
  5 giant cockroaches
  6 goblins
  6 hobgoblins
  3 jackals (D:4)
  4 kobolds
  5 quokkas
  9 ball pythons
  9 frilled lizards (D:1)
  8 rats
81 creatures vanquished.

Vanquished Creatures (others)
  An orc (D:3)
  A fungus (D:3)
  2 plants (D:3)
4 creatures vanquished.

Grand Total: 85 creatures vanquished

Notes
Turn   | Place    | Note
-------+----------+-------------------------------------------
     0 | D:1      | Ashen the Ogre Ice Elementalist began the quest for the
                  | Orb.
     0 | D:1      | Reached XP level 1. HP: 16/16 MP: 3/3
   239 | D:1      | Reached XP level 2. HP: 26/26 MP: 1/5
   367 | D:1      | Reached skill level 1 in Fighting
  1108 | D:2      | Reached XP level 3. HP: 27/33 MP: 2/7
  1124 | D:2      | Learned a level 3 spell: Frozen Ramparts
  1128 | D:2      | Learned a level 3 spell: Ozocubu's Armour
  1702 | D:2      | Found a glowing silver altar of Zin.
  2051 | D:2      | Reached XP level 4. HP: 37/42 MP: 5/8
  2599 | D:3      | Reached skill level 4 in Ice Magic
  2872 | D:3      | Reached skill level 1 in Maces & Flails
  2936 | D:3      | Found a transporter.
  2952 | D:3      | Reached XP level 5. HP: 44/49 MP: 6/9
  3039 | D:3      | Found a transporter.
  3207 | D:3      | Found a runed translucent door.
  3208 | D:3      | Noticed Crazy Yiuf
  3331 | D:3      | Found a faded altar of an unknown god.
  3380 | D:3      | Found a blossoming altar of Fedhas.
  3619 | D:3      | Killed Crazy Yiuf
  3712 | D:4      | Noticed Grinder
  3755 | D:4      | Noticed an ogre
  4204 | D:4      | Slain by an ogre

Illustrated notes

Levels and vault maps discovered:
D:1:      grunt_arrival_crossed_arrows, layout_basic, minmay_lizard_pond
D:2:      layout_basic, basic_altar, minmay_misc_feat_hallway,
          eino_tiny_chamber, st_stairs_6, minmay_close_crescents
D:3:      gammafunk_steamed_eel, layout_loops_ring,
          mainiacjoe_overflow_24_doors, shapermc_ecumenical_altar_acropolis,
          st_stairs_10, uniq_crazy_yiuf_cottage
D:4:      layout_gridville, uniq_grinder, uniq_edmund

Skill      XL: |  1  2  3  4 |
---------------+-------------+-----
Dodging        | 2 |  2.5
Fighting       | 1 2 |  2.5
Spellcasting   | 3 |  3.2
Stealth        | 2 |  2.3
Ice Magic      | 4 |  4.2
Maces & Flails | 1 |  1.3

Action                   |  1- 3 |  4- 6 || total
-------------------------+-------+-------++-------
Melee: Club              |     7 |       ||     7
       Whip              |    25 |    22 ||    47
 Cast: Freeze            |    52 |    44 ||    96
       Frozen Ramparts   |       |     6 ||     6
       Ozocubu's Armour  |       |     2 ||     2
 Stab: Sleeping          |     1 |     1 ||     2
Armor: Robe              |    22 |    25 ||    47
Dodge: Dodged            |    35 |    24 ||    59
